 Dungeon Crawl Stone Soup version 0.28.0-1-gb440e238dd (webtiles) character file.

Game seed: 5404640603402292173

877 Eitelfritz the Cleaver (level 8, -11/70 HPs)
             Began as a Hill Orc Fighter on Feb 21, 2022.
             Mangled by Duvessa (17 damage)
             ... on level 5 of the Dungeon.
             The game lasted 00:09:23 (4578 turns).

Eitelfritz the Cleaver (Hill Orc Fighter)           Turns: 4578, Time: 00:09:23

Health: -11/70     AC: 11    Str: 21    XL:     8   Next: 4%
Magic:  8/8        EV:  9    Int:  8    God:
Gold:   92         SH:  4    Dex: 10    Spells: 7/7 levels left

rFire   . . .      SeeInvis .   a - +1 war axe
rCold   . . .      Faith    .   c - +0 buckler
rNeg    . . .      Spirit   .   b - +1 scale mail
rPois   .          Reflect  .   (no helmet)
rElec   .          Harm     .   h - +2 cloak {Will+}
rCorr   .          Rampage  .   (no gloves)
Will    +....                   (no boots)
Stlth   ..........              (no amulet)
HPRegen 0.21/turn               (no ring)
MPRegen 0.11/turn               (no ring)

@: no status effects
A: no striking features
a: no special abilities


You were on level 5 of the Dungeon.
You visited 1 branch of the dungeon, and saw 5 of its levels.

You collected 132 gold pieces.
You spent 40 gold pieces at shops.

Inventory:

Hand Weapons
 a - a +1 war axe (weapon)
Missiles
 o - 6 poisoned darts (quivered)
 r - 5 boomerangs
Armour
 b - a +1 scale mail (worn)
 c - a +0 buckler (worn)
 h - a +2 cloak of willpower (worn)
Wands
 d - a wand of charming (1)
Scrolls
 g - a scroll of immolation
 i - 2 scrolls of teleportation
 m - 6 scrolls of identify
Potions
 e - 2 potions of lignification
 f - 3 potions of attraction


   Skills:
 + Level 6.0 Fighting
 + Level 8.3 Axes
 + Level 5.3 Armour
 + Level 1.2 Dodging
 + Level 0.5 Stealth
 + Level 4.0 Shields


You had 7 spell levels left.
You didn't know any spells.
Your spell library was empty.

Dungeon Overview and Level Annotations

Branches:
Dungeon (5/15)
 Temple: D:4-7

Altars:
Dithmenos
Sif Muna

Shops:
D:3 ?

Annotations:
D:3 2 transporters, feta's ghost, amateur HOFi
D:5 Duvessa


Message History

You closely miss Duvessa.
Duvessa is moderately wounded.
A gnoll comes into view. It is wielding a +0 whip.
Duvessa hits you with a +0 short sword.
You slash Dowan!
Dowan is heavily wounded.
You barely miss Duvessa. Duvessa hits you with a +0 short sword!
Dowan barely misses you.
You slash Dowan!
Dowan is severely wounded.
You hit Duvessa. You block Duvessa's attack. Dowan hits you but does no damage.
You are poisoned.
Duvessa hits you but does no damage.
You slash Dowan!
You kill Dowan!
Duvessa screams, "No!
How DARE you!"
Duvessa goes berserk!
You barely miss Duvessa.
You feel very sick. Duvessa hits you with a +0 short sword!
You block Duvessa's attack.
You have reached level 8!
You closely miss Duvessa.
Duvessa is moderately wounded.
You hit the gnoll.
You feel sick. You block the gnoll's attack.
Duvessa hits you but does no damage.
You slash Duvessa!
Duvessa is heavily wounded.
You hit the gnoll.
You feel sick.
Duvessa hits you with a +0 short sword! x2
* * * LOW HITPOINT WARNING * * *
A gnoll comes into view. It is wielding a +0 spear.
You hear a shout!
Unknown command.
You feel better. Duvessa hits you with a +0 short sword.
* * * LOW HITPOINT WARNING * * *
The gnoll barely misses you. x2
A gnoll shaman comes into view. It is wielding a +0 whip of venom.
You slash Duvessa!
Duvessa is severely wounded.
You hit the gnoll. You hit the gnoll but do no damage.
Duvessa hits you with a +0 short sword!
You die...

...... g... .....
.... . ...... ... ..
........ ..# ...
.......( #.# .....
.......g##g##.....
.........g@e......
.....###...........##
......##..........<.#
.......$....<.......#
..(..#............##
.... #.............#
.##..#...###......##.
#..................
#....#.#...<.......


You could see Duvessa (berserk, fast), a gnoll shaman and 3 gnolls.

Vanquished Creatures
  Eustachio (D:4)
  A black bear (D:4)
  A necrophage (D:5)
  An ogre (D:4)
  A scorpion (D:4)
  Dowan (D:5)
  A hound (D:5)
  Ijyb (D:3)
  Natasha (thrice) (D:2)
  7 gnolls
  7 adders
  3 worms
  3 dart slugs
  7 orcs
  7 ball pythons
  6 bats
  9 endoplasms
  7 giant cockroaches
  5 hobgoblins
  9 kobolds
  2 quokkas
  3 frilled lizards (D:1)
  7 goblins
  5 rats
98 creatures vanquished.

Vanquished Creatures (others)
  A fungus (D:1)
  4 plants (D:2)
5 creatures vanquished.

Grand Total: 103 creatures vanquished

Notes
Turn   | Place    | Note
-------+----------+-------------------------------------------
     0 | D:1      | Eitelfritz the Hill Orc Fighter began the quest for the
                  | Orb.
     0 | D:1      | Reached XP level 1. HP: 19/19 MP: 1/1
   194 | D:1      | Reached XP level 2. HP: 27/27 MP: 2/2
   595 | D:1      | Reached skill level 3 in Axes
   657 | D:1      | Reached XP level 3. HP: 33/33 MP: 3/3
  1076 | D:1      | Found a faded altar of an unknown god.
  1343 | D:2      | Noticed Natasha
  1349 | D:2      | Killed Natasha
  1350 | D:2      | Reached skill level 4 in Axes
  1350 | D:2      | Reached XP level 4. HP: 29/41 MP: 4/4
  1552 | D:2      | Noticed Natasha
  1555 | D:2      | Killed Natasha
  1566 | D:2      | Noticed Natasha
  1581 | D:2      | Killed Natasha
  1582 | D:2      | Reached skill level 5 in Axes
  1582 | D:2      | Reached XP level 5. HP: 27/47 MP: 5/5
  2402 | D:3      | Found Feuczyuc's Magic Scroll Emporium.
  2472 | D:3      | Bought a scroll of identify for 20 gold pieces
  2472 | D:3      | Bought a scroll of identify for 20 gold pieces
  2569 | D:3      | Noticed feta's ghost (amateur HOFi)
  2577 | D:3      | Found a transporter.
  2635 | D:3      | Found a transporter.
  2926 | D:3      | Found a shadowy altar of Dithmenos.
  3388 | D:4      | Reached skill level 6 in Axes
  3388 | D:4      | Reached XP level 6. HP: 55/55 MP: 6/6
  3394 | D:4      | Found a shimmering blue altar of Sif Muna.
  3622 | D:4      | Reached skill level 5 in Fighting
  3686 | D:4      | Noticed Eustachio
  3707 | D:4      | Killed Eustachio
  3708 | D:4      | Reached skill level 7 in Axes
  3708 | D:4      | Reached skill level 1 in Dodging
  3708 | D:4      | Reached XP level 7. HP: 28/61 MP: 7/7
  3992 | D:4      | Noticed Ijyb
  4005 | D:4      | Reached skill level 5 in Armour
  4022 | D:3      | Killed Ijyb
  4534 | D:5      | Entered Level 5 of the Dungeon
  4542 | D:5      | Reached skill level 8 in Axes
  4564 | D:5      | Noticed Dowan
  4565 | D:5      | Noticed Duvessa
  4574 | D:5      | Killed Dowan
  4575 | D:5      | Reached XP level 8. HP: 33/70 MP: 8/8
  4578 | D:5      | Mangled by Duvessa

Illustrated notes

Levels and vault maps discovered:
D:1:      amcnicky_arrival_feature_with_door, layout_basic,
          shapermc_ecumenical_altar_ellora, st_stairs_10, minivault_26
D:2:      cheibrodos_old_hovel, layout_loops_ring, uniq_natasha
D:3:      layout_loops_ring, mainiacjoe_overflow_surrounded_room, serial_shops,
          shop_scrolls, gammafunk_ghost_stat_death, minivault_25,
          grunt_ministairs_4
D:4:      nicolae_cairo_tiling_large_dashed, layout_cave_pools,
          mainiacjoe_overflow_catwalk, hangedman_minor_gate_pass,
          uniq_eustachio, uniq_ijyb
D:5:      layout_cave_pools, mainiacjoe_overflow_two_lobes, minmay_diced_spiral,
          uniq_duvessa

Skill      XL: |  1  2  3  4  5  6  7 |
---------------+----------------------+-----
Fighting       | 4 5 6 |  6.0
Axes           | 3 4 5 6 7 8 |  8.3
Armour         | 4 5 |  5.3
Dodging        | 1 |  1.2
Shields        | 4 |  4.0
Stealth        | |  0.5

Action                   |  1- 3 |  4- 6 |  7- 9 || total
-------------------------+-------+-------+-------++-------
Melee: War axe           |    97 |   148 |    66 ||   311
  Use: Potion            |       |     1 |     4 ||     5
       Scroll            |       |       |     7 ||     7
Armor: Scale mail        |    52 |    65 |    43 ||   160
       Skin              |       |       |    10 ||    10
Dodge: Dodged            |    52 |    69 |    43 ||   164
Block: Buckler           |    22 |    34 |    21 ||    77
